[Event "Titled Tuesday Blitz May 31 Late 2022"]
[White "Abarca Gonzalez, Nicolas"]
[Black "Prydun, Andriy"]
[WhiteFideId "3409422"]
[BlackFideId "14145898"]
[WhiteElo "2504"]
[BlackElo "2063"]
[Result "1-0"]
[Round "01"]
[TimeControl "180+1"]
[Date "2022.06.01"]
[WhiteClock "0:00:07"]
[BlackClock "0:00:02"]

1. e4 d5 2. exd5 Qxd5 3. Nc3 Qd6 4. Nb5 Qd8 5. Nf3 Nf6 6. Bc4 c6 7. Nc3 Bf5 8. Ne5 e6 9. Qe2 Nbd7 10. d4 Be7 11. Bf4 Nb6 12. O-O-O Nxc4 13. Nxc4 Nd5 14. Bd2 Nxc3 15. Bxc3 O-O 16. g4 Bg6 17. h4 b5 18. h5 Bxc2 19. Kxc2 bxc4 20. h6 g6 21. d5 exd5 22. Qe5 f6 23. Qe6+ Rf7 24. Qxc6 Qc8 25. Qxc8+ Rxc8 26. Rxd5 Bc5 27. f4 Re7 28. Bxf6 Re2+ 29. Rd2 Rxd2+ 30. Kxd2 Kf7 31. Bg5 Bb4+ 32. Ke3 c3 33. bxc3 Rxc3+ 34. Kd4 Ra3 35. Rh2 Bc3+ 36. Ke4 a5 37. Rc2 Ke6 38. f5+ gxf5+ 39. gxf5+ Kd6 40. Bc1 Ra4+ 41. Kd3 Bf6 42. Re2 Rd4+ 43. Kc2 Kd7 44. Bb2 Rc4+ 45. Kd3 Rc6 46. Bxf6 Rxf6 47. Ke4 Rxh6 48. Ke5 Ke7 49. Rb2 Rh1 50. Rb7+ Kd8 51. Kd6 Rd1+ 52. Ke6 Re1+ 53. Kf6 h5 54. Rh7 Rh1 55. Rh8+ Kd7 56. Kg5 Kd6 57. Rxh5 Rg1+ 58. Kf6 Rf1 59. Rh2 Rf4 60. Rd2+ Kc5 61. Ke5 Rf1 62. f6 Re1+ 63. Kf5 Rf1+ 64. Kg6 Kb4 65. f7 Kc3 66. Rg2 a4 67. Kg7 1-0


[Site "https://www.chess.com"]

[Event "Titled Tuesday Blitz May 31 Late 2022"]
[White "Abdrlauf, Elham"]
[Black "Mikhalsky, Vladimir"]
[WhiteFideId "1533533"]
[BlackFideId "14144352"]
[WhiteElo "2371"]
[BlackElo "2301"]
[Result "1-0"]
[Round "01"]
[TimeControl "180+1"]
[Date "2022.06.01"]
[WhiteClock "0:02:01"]
[BlackClock "0:01:24"]

1. e4 g6 2. d4 Bg7 3. Nf3 d6 4. Be3 a6 5. c4 Nf6 6. Nc3 O-O 7. Be2 e5 8. O-O Nc6 9. h3 Nh5 10. Qd2 exd4 11. Nxd4 Nxd4 12. Bxd4 Nf4 13. Bxg7 Nxe2+ 14. Qxe2 Kxg7 15. Rad1 Be6 16. f4 b5 17. cxb5 axb5 18. Qxb5 Bxa2 19. f5 Qb8 20. f6+ Kg8 21. Qg5 Kh8 22. Rf4 Qxb2 23. Qh6 1-0


[Site "https://www.chess.com"]

[Event "Titled Tuesday Blitz May 31 Late 2022"]
[White "Amburgy, Ryan"]
[Black "Skuhala, Jernej"]
[WhiteFideId "30924820"]
[BlackFideId "14605651"]
[WhiteElo "2066"]
[BlackElo "2381"]
[Result "0-1"]
[Round "01"]
[TimeControl "180+1"]
[Date "2022.06.01"]
[WhiteClock "0:00:15"]
[BlackClock "0:00:24"]

1. Nf3 Nf6 2. c4 e6 3. Nc3 d5 4. e3 Be7 5. b3 O-O 6. Bb2 c5 7. cxd5 exd5 8. d4 cxd4 9. Nxd4 Nc6 10. Be2 Qb6 11. Nf3 Bg4 12. O-O Rfd8 13. Na4 Qc7 14. Rc1 Rac8 15. h3 Bh5 16. Nd4 Bxe2 17. Qxe2 Nxd4 18. exd4 Qd7 19. Nc5 Bxc5 20. Rxc5 Ne4 21. Rxc8 Rxc8 22. Qd3 h6 23. Re1 Rc6 24. f3 Nf6 25. Ba3 Ra6 26. Re7 Qd8 27. Bb4 Rxa2 28. Qb5 Qc8 29. Qc5 Qf5 30. Qc7 Qg5 31. g4 Qh4 32. Be1 Qxh3 33. Qc8+ Kh7 34. Qf5+ Kh8 35. Bf2 Ra1+ 36. Re1 Rxe1+ 37. Bxe1 h5 38. Qc8+ Ng8 39. Qf5 hxg4 40. fxg4 Nh6 41. Qxd5 Nxg4 42. Qd6 Qe3+ 43. Kf1 Qf3+ 44. Kg1 Kh7 45. d5 Qe3+ 46. Kf1 Qf3+ 47. Kg1 Qe2 48. Qg3 Ne3 49. Qh3+ Kg6 50. Qg3+ Kf5 51. Qf2+ Qxf2+ 52. Bxf2 Nxd5 53. Bxa7 Ke4 54. Bc5 g5 55. Kf2 g4 56. Kg3 f5 57. Bd6 Nc3 58. b4 Nd5 59. Bc5 Nf6 60. Be7 f4+ 61. Kh4 Kf5 62. Bxf6 Kxf6 63. Kxg4 Ke5 64. Kf3 b5 65. Kf2 Ke4 66. Ke2 Kd4 67. Kf3 Kc4 68. Ke4 Kxb4 69. Kd3 Kb3 70. Kd2 b4 71. Kc1 Ka2 0-1


[Site "https://www.chess.com"]

[Event "Titled Tuesday Blitz May 31 Late 2022"]
[White "Andreikin, Dmitry"]
[Black "Krstulovic, Alex"]
[WhiteFideId "4158814"]
[BlackFideId "760056"]
[WhiteElo "2736"]
[BlackElo "2193"]
[Result "1-0"]
[Round "01"]
[TimeControl "180+1"]
[Date "2022.05.31"]
[WhiteClock "0:01:12"]
[BlackClock "0:00:15"]

1. d4 Nf6 2. c4 e6 3. Nf3 d5 4. g3 dxc4 5. Bg2 c6 6. a4 c5 7. O-O Nc6 8. dxc5 Qxd1 9. Rxd1 Bxc5 10. Nbd2 O-O 11. Nxc4 Ne4 12. Be3 Bxe3 13. Nxe3 Nc5 14. Nc4 Rb8 15. Nfe5 Nb4 16. Nd6 b6 17. Rd4 Nc2 18. Rad1 Nxd4 19. Rxd4 Bb7 20. Nxb7 Nxb7 21. Nd7 Rfd8 22. b4 a5 23. e3 Kh8 24. Nxb8 Rxd4 25. exd4 b5 26. bxa5 bxa4 27. a6 1-0


[Site "https://www.chess.com"]

[Event "Titled Tuesday Blitz May 31 Late 2022"]
[White "Ardila, Oscar Humberto"]
[Black "Martic, Ivan"]
[WhiteFideId "4404742"]
[BlackFideId "929301"]
[WhiteElo "1928"]
[BlackElo "2317"]
[Result "1-0"]
[Round "01"]
[TimeControl "180+1"]
[Date "2022.06.01"]
[WhiteClock "0:00:40"]
[BlackClock "0:00:08"]

1. d4 Nf6 2. c4 c5 3. d5 b5 4. Qc2 g6 5. e4 bxc4 6. Bxc4 d6 7. h3 Bg7 8. Nf3 O-O 9. O-O Nfd7 10. Bf4 Nb6 11. Nbd2 a5 12. Rfe1 Na6 13. a3 Rb8 14. Rab1 Nc7 15. b3 Nxc4 16. bxc4 Bd7 17. e5 Bf5 18. Rxb8 Qxb8 19. Qc3 Qb6 20. g4 Bd7 21. Rb1 Qa6 22. Qe3 Ba4 23. exd6 exd6 24. Qe7 Ne8 25. Rb7 Bf6 26. Ra7 Qc8 27. Qb7 Qxb7 28. Rxb7 Ng7 29. Ra7 Rd8 30. Rxa5 Bc2 31. Ra6 Ne8 32. a4 Bc3 33. Ra7 Nf6 34. Bg5 Kg7 35. a5 h6 36. Bxf6+ Kxf6 37. a6 Rb8 38. Rb7 Ra8 39. a7 Bd3 40. h4 g5 41. hxg5+ hxg5 42. Kg2 Bb4 43. Kg3 Bc3 44. Rd7 Be5+ 45. Nxe5 Kxe5 46. Rxf7 Bg6 47. Rg7 Bd3 48. Rxg5+ Kd4 49. Rg7 Bxc4 50. Rd7 Kxd5 51. Nxc4 Kxc4 52. Rxd6 Rxa7 53. f4 Kb4 54. f5 c4 55. Rc6 c3 56. g5 Ra5 57. Kg4 Kb3 58. g6 Ra4+ 59. Kg5 Rc4 60. Rb6+ Ka4 61. Rb1 c2 62. Rc1 Kb3 63. g7 Kb2 64. Rg1 c1=Q+ 65. Rxc1 Rxc1 66. f6 Kc3 67. f7 Rg1+ 68. Kf6 Rf1+ 69. Kg6 Rg1+ 70. Kf6 Rf1+ 71. Ke7 Re1+ 72. Kd8 Rd1+ 73. Kc8 1-0


[Site "https://www.chess.com"]

[Event "Titled Tuesday Blitz May 31 Late 2022"]
[White "Avramidou, Anastasia"]
[Black "Fedoseev, Vladimir"]
[WhiteFideId "4239873"]
[BlackFideId "24130737"]
[WhiteElo "2183"]
[BlackElo "2726"]
[Result "0-1"]
[Round "01"]
[TimeControl "180+1"]
[Date "2022.05.31"]
[WhiteClock "0:00:03"]
[BlackClock "0:00:15"]

1. d4 Nf6 2. Nf3 e6 3. c4 b6 4. g3 Bb7 5. Bg2 Be7 6. O-O O-O 7. Nc3 Ne4 8. Qc2 Nxc3 9. Qxc3 Be4 10. Rd1 d6 11. b4 Nd7 12. Bb2 Nf6 13. a4 a6 14. a5 b5 15. cxb5 axb5 16. Nd2 Bxg2 17. Kxg2 Ra6 18. Rdc1 Qa8+ 19. Kg1 Rc8 20. Qd3 Qb7 21. e4 Nd7 22. Nb3 Bf6 23. Rc2 h5 24. h4 c5 25. dxc5 Bxb2 26. Rxb2 dxc5 27. bxc5 Nxc5 28. Nxc5 Rxc5 29. Rb4 Qc6 30. Rab1 Re5 31. Rxb5 Qxe4 32. Qxe4 Rxe4 33. Rxh5 g6 34. Rc5 Ra4 35. Rbb5 Ra2 36. Kg2 Rd6 37. Rc3 Kg7 38. Rf3 f5 39. Re3 Rdd2 40. Rf3 Re2 41. Rc5 e5 42. Rc7+ Kf6 43. Rc6+ Kg7 44. Rc7+ Kh6 45. Rc6 Kh5 46. Rc8 Rxa5 47. Rh8+ Kg4 48. Rg8 Ra6 49. Rc3 f4 50. gxf4 exf4 51. Rg7 Kxh4 52. Rh7+ Kg4 53. Rg7 Rf6 54. Kf1 Ra2 55. Rg8 Ra5 56. Rc7 g5 57. Rcg7 f3 58. Kg1 Ra1+ 0-1


[Site "https://www.chess.com"]

[Event "Titled Tuesday Blitz May 31 Late 2022"]
[White "Bas Mas, Jose Joaquin"]
[Black "Livaic, Leon"]
[WhiteFideId "22219064"]
[BlackFideId "14531534"]
[WhiteElo "2233"]
[BlackElo "2540"]
[Result "0-1"]
[Round "01"]
[TimeControl "180+1"]
[Date "2022.06.01"]
[WhiteClock "0:00:02"]
[BlackClock "0:00:06"]

1. e4 c6 2. Nf3 d5 3. d3 dxe4 4. dxe4 Qxd1+ 5. Kxd1 g6 6. Be3 Nf6 7. Bd3 Bg4 8. Nd2 Nbd7 9. h3 Bxf3+ 10. Nxf3 e6 11. Ke2 Bc5 12. Bd2 Bb6 13. a4 a5 14. Rhd1 Nc5 15. Be3 Ke7 16. e5 Nd5 17. Bg5+ Ke8 18. c4 Nb4 19. Bb1 Nd7 20. Ra3 h6 21. Bc1 Ke7 22. Rc3 Rad8 23. h4 Bc7 24. Bf4 Nc5 25. Rxd8 Bxd8 26. b3 Bc7 27. Nd2 Nd7 28. Nf3 Kf8 29. Rc1 Kg7 30. Rd1 Nc5 31. Nd2 Rd8 32. Be3 Ncd3 33. f4 g5 34. hxg5 hxg5 35. g3 Rh8 36. Bxd3 Rh2+ 37. Kf3 Nxd3 38. Ke4 Nb4 39. fxg5 Rg2 40. Bf4 Bb6 41. Rf1 Re2+ 42. Kf3 Rh2 43. Kg4 Nd3 44. Ne4 Bd4 45. Nd6 Bxe5 46. Bxe5+ Nxe5+ 47. Kf4 Re2 48. Nxb7 Nd3+ 49. Kf3 Rb2 50. Kg4 Rxb3 51. Nxa5 Rb4 0-1


[Site "https://www.chess.com"]

[Event "Titled Tuesday Blitz May 31 Late 2022"]
[White "Bazeev, German"]
[Black "hakki1"]
[WhiteFideId "24119350"]
[WhiteElo "2493"]
[BlackElo "2463"]
[Result "1-0"]
[Round "01"]
[TimeControl "180+1"]
[Date "2022.05.31"]
[WhiteClock "0:00:13"]
[BlackClock "0:00:05"]

1. d4 g6 2. e4 Bg7 3. Nc3 d6 4. f4 Nc6 5. Nf3 Bg4 6. Be3 Bxf3 7. gxf3 e6 8. Qd2 Nge7 9. O-O-O d5 10. h4 h5 11. Ne2 Qd7 12. c3 O-O-O 13. Ng3 Kb8 14. Kb1 Na5 15. b3 Nac6 16. Qc2 a6 17. Bc1 f5 18. Bd3 Rhf8 19. Ne2 Bh6 20. e5 Nc8 21. Rhg1 N6e7 22. Rg2 Rf7 23. Ng1 Na7 24. Nh3 Nb5 25. a4 Na7 26. Ba3 Nac8 27. Ng5 Bxg5 28. fxg5 Na7 29. f4 Rc8 30. Qb2 Nec6 31. Rc2 Na5 32. Be2 N7c6 33. c4 dxc4 34. bxc4 Nxe5 35. fxe5 Qxa4 36. d5 Re8 37. d6 Nc6 38. Bf3 cxd6 39. Rxd6 Rc7 40. Bc5 Rec8 41. Bb6 Re7 42. Bxc6 Rxc6 43. Rd8+ Rc8 44. Rxc8+ Kxc8 45. Rd2 Rd7 46. Rxd7 Qxd7 47. Qb4 Qd3+ 48. Kb2 Qe2+ 49. Ka3 Qd3+ 50. Kb2 Qe2+ 51. Kb3 Qd3+ 52. Qc3 Qb1+ 53. Qb2 Qd3+ 54. Kb4 Kd7 55. Qd4+ Qxd4 56. Bxd4 Kc6 57. Ka5 Kc7 58. Bc5 Kc6 59. Bb6 Kd7 60. Bf2 Kc6 61. Kb4 b6 62. Be3 Kb7 63. c5 bxc5+ 64. Kxc5 Kc7 65. Bd2 Kd7 66. Kb6 a5 67. Bxa5 Ke7 68. Bd2 Kd7 69. Kb7 Kd8 70. Kc6 Ke7 71. Kc7 Kf7 72. Kd6 1-0


[Site "https://www.chess.com"]

[Event "Titled Tuesday Blitz May 31 Late 2022"]
[White "Bettalli, Francesco"]
[Black "Martinez Alcantara, Jose Eduardo"]
[WhiteFideId "2816453"]
[BlackFideId "3805662"]
[WhiteElo "2216"]
[BlackElo "2690"]
[Result "0-1"]
[Round "01"]
[TimeControl "180+1"]
[Date "2022.05.31"]
[WhiteClock "0:01:23"]
[BlackClock "0:00:41"]

1. d4 Nf6 2. Nc3 d5 3. Bf4 a6 4. e3 e6 5. a3 Bd6 6. Nf3 Nbd7 7. Bd3 b6 8. O-O Bb7 9. Ne5 Qe7 10. b4 g6 11. Qf3 Bxe5 12. Bxe5 Nxe5 13. dxe5 Nd7 14. Qg3 O-O-O 15. f4 f6 16. exf6 Qxf6 17. Ne2 Rhe8 18. Qe1 e5 19. Qc3 d4 20. exd4 e4 21. Bc4 Qd6 22. Qe3 Nf6 23. Rad1 Kb8 24. Rfe1 Ng4 25. Qg3 h5 26. h3 Nh6 27. d5 Nf5 28. Qg5 Ne3 29. Bb3 Nxd1 30. Rxd1 Rf8 31. c4 e3 32. Nd4 Rde8 33. Ne6 e2 34. Re1 Rxe6 35. dxe6 Qxe6 36. Qe5 Qc6 37. Qxe2 Ka7 38. b5 Qc5+ 39. Kh2 Rxf4 40. a4 Rf2 0-1


[Site "https://www.chess.com"]

[Event "Titled Tuesday Blitz May 31 Late 2022"]
[White "Bibasa, Bob"]
[Black "Maghsoodloo, Parham"]
[WhiteFideId "10000240"]
[BlackFideId "12539929"]
[WhiteElo "2032"]
[BlackElo "2630"]
[Result "0-1"]
[Round "01"]
[TimeControl "180+1"]
[Date "2022.05.31"]
[WhiteClock "0:02:10"]
[BlackClock "0:02:29"]

1. e4 c5 2. Nf3 Nc6 3. Bb5 e6 4. c3 Nge7 5. d4 cxd4 6. cxd4 a6 7. Ba4 d5 8. e5 Nf5 9. O-O Be7 10. Nc3 O-O 11. Be3 Bd7 12. Bc2 Nxe3 13. fxe3 Rc8 14. a3 Na5 15. Qd3 g6 16. Ba4 Rxc3 17. bxc3 Bxa4 18. Rab1 Bb5 19. Qd2 Bxf1 20. Kxf1 Nc4 21. Qf2 b5 22. Kg1 Nxa3 23. Rf1 Nc4 24. h4 a5 25. h5 a4 26. hxg6 fxg6 27. g4 a3 28. Qg2 Nxe3 0-1


[Site "https://www.chess.com"]

[Event "Titled Tuesday Blitz May 31 Late 2022"]
[White "Bluebaum, Matthias"]
[Black "Trent, Lawrence"]
[WhiteFideId "24651516"]
[BlackFideId "408638"]
[WhiteElo "2556"]
[BlackElo "2474"]
[Result "1-0"]
[Round "01"]
[TimeControl "180+1"]
[Date "2022.05.31"]
[WhiteClock "0:00:39"]
[BlackClock "0:00:39"]

1. d4 Nf6 2. c4 e6 3. Nc3 Bb4 4. e3 O-O 5. Bd2 d5 6. Nf3 b6 7. cxd5 exd5 8. Rc1 a6 9. Bd3 Bb7 10. O-O Bd6 11. Ne5 Ne4 12. Nxe4 dxe4 13. Bc4 Nd7 14. Bc3 Bxe5 15. dxe5 Nc5 16. Qg4 Qe7 17. Rcd1 Rad8 18. Rd4 Ne6 19. Rxd8 Rxd8 20. Rd1 Rxd1+ 21. Qxd1 Qd8 22. Qxd8+ Nxd8 23. Kf1 b5 24. Bb3 c5 25. a3 Kf8 26. Ke2 Ke7 27. f4 Bc8 28. Ba5 Nb7 29. Bb6 Be6 30. Bc2 Bd5 31. b4 Kd7 32. Kd2 Kc6 33. Ba7 cxb4 34. axb4 a5 35. bxa5 Nxa5 36. Kc3 Nb7 37. Kd4 Nd8 38. f5 b4 39. Ba4+ Kb7 40. Kxd5 Kxa7 41. e6 fxe6+ 42. fxe6 1-0


[Site "https://www.chess.com"]

[Event "Titled Tuesday Blitz May 31 Late 2022"]
[White "Bringas Gomez, Artai"]
[Black "Pakleza, Zbigniew"]
[WhiteFideId "24534064"]
[BlackFideId "1119290"]
[WhiteElo "1952"]
[BlackElo "2467"]
[Result "0-1"]
[Round "01"]
[TimeControl "180+1"]
[Date "2022.06.01"]
[WhiteClock "0:00:08"]
[BlackClock "0:00:10"]

1. e4 d6 2. d4 Nf6 3. Nc3 c6 4. Nf3 Bg4 5. Be3 e6 6. h3 Bh5 7. Be2 Be7 8. O-O d5 9. e5 Nfd7 10. Nb1 c5 11. c3 Nc6 12. Nbd2 O-O 13. Re1 Qb6 14. Qb3 Rfc8 15. g4 Bg6 16. Rac1 cxd4 17. cxd4 Qxb3 18. Nxb3 Nb4 19. a3 Nd3 20. Rf1 Nxc1 21. Bxc1 Nb6 22. Na5 Rab8 23. Nd2 Rc7 24. f4 Bc2 25. Nf3 Rbc8 26. Bd2 Be4 27. Ne1 Na4 28. Nxb7 Rxb7 29. Ba6 Rxb2 30. Bxc8 Rxd2 31. g5 h6 32. h4 Nc3 33. Ba6 Rxd4 34. Kf2 Bc5 35. Kg3 Rd2 36. h5 Bxa3 37. gxh6 gxh6 38. f5 Bxf5 39. Rg1 Bc5 40. Rf1 Be4 41. Rf4 Ne2+ 42. Kg4 Nxf4 43. Nf3 Bxf3+ 44. Kxf4 Bxh5 45. Bf1 Rf2+ 46. Kg3 Rxf1 47. Kh4 Rg1 48. Kh3 Bf3 49. Kh2 Bf2 50. Kh3 Rh1# 0-1


[Site "https://www.chess.com"]

[Event "Titled Tuesday Blitz May 31 Late 2022"]
[White "Bryakin, Mikhail"]
[Black "Prabhu, Naveen"]
[WhiteFideId "4165314"]
[BlackFideId "30939372"]
[WhiteElo "2417"]
[BlackElo "2416"]
[Result "1-0"]
[Round "01"]
[TimeControl "180+1"]
[Date "2022.06.01"]
[WhiteClock "0:00:16"]
[BlackClock "0:00:12"]

1. e4 e5 2. Nf3 Nc6 3. Bb5 Bc5 4. O-O d6 5. c3 Bg4 6. h3 Bh5 7. b4 Bb6 8. a4 a5 9. bxa5 Rxa5 10. Na3 Ne7 11. Nc4 Ra7 12. Nxb6 cxb6 13. Bb2 O-O 14. d4 Qc7 15. Qd3 Rd8 16. Nd2 Ng6 17. g3 Nge7 18. Kh2 Bg6 19. f4 exf4 20. Rxf4 d5 21. Raf1 h6 22. Qf3 dxe4 23. Nxe4 Rf8 24. c4 Na5 25. Nd2 Raa8 26. d5 Nc8 27. Qc3 f6 28. Rg4 Qf7 29. Ba3 Rd8 30. Ne4 Bxe4 31. Rxe4 Nd6 32. Rg4 Nxb5 33. axb5 Re8 34. Rxf6 Re2+ 35. Kg1 Re1+ 36. Qxe1 Qxf6 37. Be7 Qf7 38. Qe6 Qxe6 39. dxe6 Re8 40. Bf6 Rxe6 41. Bxg7 Kf7 42. Bd4 Nb3 43. Bf2 Nc5 44. Rf4+ Kg6 45. Bxc5 bxc5 46. Kf2 b6 47. g4 Kg5 48. Kg3 Rd6 49. h4+ Kg6 50. Kf3 Rd3+ 51. Ke4 Rd4+ 52. Ke5 Rd8 53. Rf6+ Kg7 54. Rxb6 Rd4 55. Kf5 Rxc4 56. Rb7+ Kg8 57. h5 Rb4 58. g5 hxg5 59. Kg6 Kf8 60. h6 Rb1 61. h7 Rh1 62. Rb8+ Ke7 63. h8=Q Rxh8 64. Rxh8 c4 65. Rc8 g4 66. Rxc4 g3 67. Rg4 1-0


[Site "https://www.chess.com"]

[Event "Titled Tuesday Blitz May 31 Late 2022"]
[White "Chigaev, Maksim"]
[Black "McCoy, Owen"]
[WhiteFideId "4108116"]
[BlackFideId "30924502"]
[WhiteElo "2457"]
[BlackElo "2457"]
[Result "1-0"]
[Round "01"]
[TimeControl "180+1"]
[Date "2022.06.01"]
[WhiteClock "0:01:01"]
[BlackClock "0:00:02"]

1. Nf3 Nf6 2. b3 d5 3. Bb2 Bf5 4. g3 e6 5. Nh4 Bg4 6. h3 Bh5 7. g4 Bg6 8. d3 a5 9. a3 Be7 10. Bg2 c5 11. e3 a4 12. bxa4 Rxa4 13. Nxg6 hxg6 14. c4 Ra6 15. Nd2 Nc6 16. g5 Nh5 17. h4 d4 18. Bxc6+ Rxc6 19. exd4 cxd4 20. Qg4 e5 21. Qe4 O-O 22. Nf3 Qa5+ 23. Kf1 Re6 24. Re1 Bd6 25. Bc1 f5 26. Qxb7 Qc3 27. Qd5 Re8 28. Kg2 Qxd3 29. Nxe5 Bxe5 30. Rxe5 Kf7 31. Rhe1 Kf8 32. Rxe6 Rxe6 33. Qxe6 1-0


[Site "https://www.chess.com"]

[Event "Titled Tuesday Blitz May 31 Late 2022"]
[White "Chyngyz, Sultai"]
[Black "Srinath, Rao S.V."]
[WhiteFideId "13803158"]
[BlackFideId "5028876"]
[WhiteElo "1365"]
[BlackElo "2181"]
[Result "1-0"]
[Round "01"]
[TimeControl "180+1"]
[Date "2022.06.01"]
[WhiteClock "0:00:09"]
[BlackClock "0:00:04"]

1. e4 e6 2. d4 d5 3. e5 c5 4. c3 Bd7 5. Nf3 Qb6 6. Be2 Nc6 7. O-O a5 8. h3 a4 9. Qd3 cxd4 10. cxd4 Nb4 11. Qd1 Rc8 12. Nc3 a3 13. Rb1 axb2 14. Bxb2 Qa5 15. a3 Na6 16. Qd3 Nh6 17. g4 Be7 18. Nb5 O-O 19. Nd6 Rc6 20. Nxb7 Qc7 21. Bc1 Rb8 22. Bxh6 gxh6 23. Nd6 Bxd6 24. exd6 Qxd6 25. Ne5 Rcb6 26. Rxb6 Rxb6 27. Qf3 Qe7 28. Rc1 Kg7 29. Bxa6 Rxa6 30. Rc7 Rxa3 31. Rxd7 Qxd7 32. Qxa3 Qb7 33. Kg2 f6 34. Nf3 Qc7 35. Qe3 Qd6 36. h4 Kg6 37. h5+ Kg7 38. Qb3 Qc7 39. Qb5 Kf7 40. Ne1 Qf4 41. Qd7+ Kf8 42. Qxe6 Qxd4 43. Nf3 Qf4 44. Qc8+ Kg7 45. Qd7+ Kf8 46. Nh4 Qg5 47. Kg3 Qe5+ 48. Kh3 Qc3+ 49. f3 Kg8 50. Qxd5+ Kf8 51. Nf5 Qe1 52. Qd8+ Kf7 53. Nxh6+ Kg7 54. Nf5+ Kf7 55. Qd7+ Kf8 56. Qg7+ Ke8 57. Qg8+ Kd7 58. Qd5+ Ke8 59. Qc6+ Kf7 60. Qd7+ Kf8 61. Qd8+ Kf7 62. Nd6+ Kg7 63. Ne8+ Kf7 64. Nd6+ Kg7 65. h6+ Kg6 66. Qg8+ Kxh6 67. Nf5# 1-0


[Site "https://www.chess.com"]

[Event "Titled Tuesday Blitz May 31 Late 2022"]
[White "Darini, Pouria"]
[Black "Ozdemir, Serhan Berat"]
[WhiteFideId "12502200"]
[BlackFideId "6374611"]
[WhiteElo "2483"]
[BlackElo "1920"]
[Result "0-1"]
[Round "01"]
[TimeControl "180+1"]
[Date "2022.06.01"]
[WhiteClock "0:00:02"]
[BlackClock "0:00:05"]

1. e4 c5 2. Nf3 e6 3. d4 cxd4 4. Nxd4 a6 5. Bd3 Bc5 6. Nb3 Ba7 7. Qg4 Nf6 8. Qe2 Nc6 9. Be3 d6 10. O-O O-O 11. Bxa7 Rxa7 12. a4 Ne5 13. Nc3 b6 14. Rad1 Qc7 15. f4 Nxd3 16. Qxd3 Rd8 17. e5 Ne8 18. Ne4 d5 19. Ng5 g6 20. Nd4 h6 21. Nh3 Ng7 22. Nf2 h5 23. Qg3 Nf5 24. Nxf5 exf5 25. c3 b5 26. Rd4 bxa4 27. Rxa4 Rb7 28. Nd3 Bd7 29. Rd4 Bb5 30. Rf2 Bxd3 31. Qxd3 Rdb8 32. b4 Rc8 33. Rf3 a5 34. bxa5 Qxa5 35. Rxd5 Qa2 36. Rd8+ Rxd8 37. Qxd8+ Kh7 38. h4 Qa1+ 39. Kh2 Rb1 40. Qd2 Rh1+ 41. Kg3 Qg1 42. e6 fxe6 43. Qd7+ Kh6 44. Qd4 Qh2+ 45. Kf2 Qg1+ 46. Kg3 Qh2+ 47. Kf2 Qg1+ 48. Ke2 Qe1+ 49. Kd3 Qb1+ 50. Kc4 Qa2+ 51. Kc5 Qa7+ 52. Kd6 Qb8+ 53. Ke7 Qg8 54. Qf6 Rd1 55. Qg5+ Kh7 56. Kf6 Qd8+ 57. Kf7 Rd7+ 58. Kxe6 Qe8+ 59. Kf6 Rf7# 0-1


[Site "https://www.chess.com"]

[Event "Titled Tuesday Blitz May 31 Late 2022"]
[White "Demchenko, Anton"]
[Black "Hosseinzadeh, Nima"]
[WhiteFideId "4160258"]
[BlackFideId "12505323"]
[WhiteElo "2539"]
[BlackElo "2066"]
[Result "1-0"]
[Round "01"]
[TimeControl "180+1"]
[Date "2022.05.31"]
[WhiteClock "0:01:58"]
[BlackClock "0:01:09"]

1. e4 e5 2. Nf3 Nc6 3. Bc4 Bc5 4. d3 Nf6 5. Bg5 h6 6. Bh4 d6 7. c3 a6 8. Nbd2 Be6 9. O-O O-O 10. b4 Ba7 11. a4 Bxc4 12. Nxc4 b5 13. Ne3 g5 14. Nxg5 hxg5 15. Bxg5 Kh7 16. Ng4 Nxg4 17. Bxd8 Rg8 18. Bh4 Bb6 19. axb5 1-0


[Site "https://www.chess.com"]

[Event "Titled Tuesday Blitz May 31 Late 2022"]
[White "Dubov, Daniil"]
[Black "Shapiro, David"]
[WhiteFideId "24126055"]
[BlackFideId "24133523"]
[WhiteElo "2791"]
[BlackElo "2300"]
[Result "1-0"]
[Round "01"]
[TimeControl "180+1"]
[Date "2022.05.31"]
[WhiteClock "0:02:04"]
[BlackClock "0:01:40"]

1. d4 d5 2. Nf3 Nf6 3. c4 c6 4. Nc3 dxc4 5. g3 e6 6. Bg2 b5 7. Ne5 Nd5 8. O-O Bb7 9. a4 a6 10. Ne4 Nd7 11. Nxf7 Kxf7 12. Ng5+ Kg8 13. Bh3 g6 14. Bxe6+ Kg7 15. Bxd5 Nc5 16. Bg2 Be7 17. dxc5 Bxg5 18. Bxg5 1-0


[Site "https://www.chess.com"]

[Event "Titled Tuesday Blitz May 31 Late 2022"]
[White "Estrada Nieto, Julian"]
[Black "Ibarra Jerez, Jose Carlos"]
[WhiteFideId "5101018"]
[BlackFideId "2226332"]
[WhiteElo "2252"]
[BlackElo "2626"]
[Result "0-1"]
[Round "01"]
[TimeControl "180+1"]
[Date "2022.05.31"]
[WhiteClock "0:00:05"]
[BlackClock "0:00:07"]

1. e4 Nc6 2. Nf3 d6 3. d4 Nf6 4. Nc3 g6 5. Bb5 a6 6. Bxc6+ bxc6 7. h3 Bg7 8. O-O O-O 9. Be3 Rb8 10. Rb1 a5 11. Qd2 Ba6 12. Rfe1 Re8 13. Bh6 Bh8 14. b3 Nd7 15. Na4 Ra8 16. Rbd1 Nb6 17. Nxb6 cxb6 18. c4 a4 19. Qf4 axb3 20. axb3 Qc7 21. e5 f6 22. exf6 exf6 23. h4 Qd7 24. Qg3 Kf7 25. Bf4 d5 26. Nd2 h5 27. Bc7 b5 28. c5 b4 29. Bd6 Bg7 30. Nf3 Be2 31. Ra1 Rxa1 32. Rxa1 Re4 33. Bb8 Qg4 34. Ra7+ Re7 35. Rxe7+ Kxe7 36. Qd6+ Kf7 37. Qc7+ Kg8 38. Qd8+ Kh7 39. Nh2 Qxd4 40. Bc7 Qd1+ 41. Nf1 Qxf1+ 42. Kh2 Qxf2 43. Qd7 Qxh4+ 44. Kg1 Qd4+ 45. Kh2 Bb5 46. Bd6 f5 47. Bf8 Qe5+ 48. Kg1 f4 49. Bxg7 Qxg7 50. Qd6 Qf7 51. Qe5 f3 52. gxf3 Qxf3 53. Qe7+ Kh6 54. Qe5 Qg4+ 55. Kf2 Qf5+ 0-1


[Site "https://www.chess.com"]

[Event "Titled Tuesday Blitz May 31 Late 2022"]
[White "Ferreira, Vitor Hugo Vieira"]
[Black "Donchenko, Alexander"]
[WhiteFideId "2119765"]
[BlackFideId "24603295"]
[WhiteElo "2165"]
[BlackElo "2572"]
[Result "0-1"]
[Round "01"]
[TimeControl "180+1"]
[Date "2022.05.31"]
[WhiteClock "0:00:14"]
[BlackClock "0:02:38"]

1. e4 c6 2. d3 d5 3. Nf3 g6 4. exd5 cxd5 5. g3 Nc6 6. Bg2 Bg7 7. O-O e5 8. Re1 Nge7 9. c3 O-O 10. a4 h6 11. h3 Be6 12. b4 a6 13. g4 e4 14. dxe4 Nxb4 15. exd5 Bxd5 16. cxb4 Bxa1 0-1


[Site "https://www.chess.com"]

[Event "Titled Tuesday Blitz May 31 Late 2022"]
[White "Florescu, Codrut-Constantin"]
[Black "Sadhwani, Raunak"]
[WhiteFideId "1202200"]
[BlackFideId "35093487"]
[WhiteElo "2191"]
[BlackElo "2616"]
[Result "0-1"]
[Round "01"]
[TimeControl "180+1"]
[Date "2022.05.31"]
[WhiteClock "0:00:09"]
[BlackClock "0:00:21"]

1. d4 Nf6 2. Nf3 g6 3. c4 Bg7 4. Nc3 O-O 5. e4 d6 6. Be2 Bg4 7. Be3 Nc6 8. d5 Bxf3 9. gxf3 Ne5 10. f4 Ned7 11. h4 Re8 12. h5 e6 13. hxg6 hxg6 14. dxe6 Rxe6 15. Bf3 c6 16. Qc2 Nb6 17. Qd3 Qc7 18. O-O-O Nfd7 19. Bg4 Re7 20. Qxd6 Qxd6 21. Rxd6 Nf6 22. Rxf6 Bxf6 23. e5 Bg7 24. b3 f6 25. Bc5 Ree8 26. Ne4 fxe5 27. f5 Nd7 28. fxg6 Nxc5 29. Nxc5 e4 30. Be6+ Kf8 31. Rh7 Rad8 32. Bf7 Re5 33. Ne6+ Rxe6 34. Bxe6 Rd6 35. Bf7 Rf6 36. Rh2 Rf3 37. Kd2 Be5 38. Rg2 Kg7 39. Ke2 Rc3 40. Rg4 Rc2+ 41. Ke3 Rxa2 42. Rxe4 Bf6 43. f4 Rc2 44. Re8 Rc3+ 45. Ke4 Rxb3 46. Kf5 Bd4 47. Rg8+ Kh6 48. Rd8 c5 49. g7 Kxg7 50. Bg6 Rb6 51. Rd7+ Kg8 52. Bf7+ Kf8 53. Be6 a5 54. Rf7+ Ke8 55. Bd5 a4 56. Rc7 a3 57. Bxb7 a2 58. Bc6+ Rxc6 59. Ra7 a1=Q 0-1


[Site "https://www.chess.com"]

[Event "Titled Tuesday Blitz May 31 Late 2022"]
[White "Garcia, Gabriel Gonzaga"]
[Black "Murzin, Volodar"]
[WhiteFideId "2138956"]
[BlackFideId "44155573"]
[WhiteElo "2240"]
[BlackElo "2585"]
[Result "0-1"]
[Round "01"]
[TimeControl "180+1"]
[Date "2022.05.31"]
[WhiteClock "0:00:29"]
[BlackClock "0:00:13"]

1. e4 c6 2. Nf3 d5 3. Nc3 Bg4 4. Be2 Nf6 5. d3 Nbd7 6. O-O e5 7. Bg5 Bxf3 8. Bxf3 d4 9. Ne2 Be7 10. c3 c5 11. cxd4 cxd4 12. Rc1 O-O 13. Ng3 g6 14. Qb3 Nc5 15. Qd1 Ne6 16. Bh6 Re8 17. Bg4 Nf4 18. Bg5 Nxg4 19. Bxe7 Nxf2 20. Bxd8 Nxd1 21. Rfxd1 Rexd8 22. Rc7 Rab8 23. Re7 Re8 24. Rd7 Rec8 25. Re7 f6 26. Rd2 Rc1+ 27. Kf2 Rbc8 28. Ne2 R8c2 0-1


[Site "https://www.chess.com"]